 Dungeon Crawl Stone Soup version 0.27-a0-1188-g73eefd5def (webtiles) character file.

Game seed: 10025656481926696303

399 freelancePsychic the Ruffian (level 6, 0/59 HPs)
             Began as a Troll Earth Elementalist on May 21, 2021.
             Slain by an orc
             ... wielding a +0 club
              (2 damage)
             ... on level 3 of the Dungeon.
             The game lasted 00:03:56 (2676 turns).

freelancePsychic the Ruffian (TrEE)                 Turns: 2676, Time: 00:03:57

Health: 0/59       AC:  5    Str: 17    XL:     6   Next: 53%
Magic:  6/6        EV:  9    Int: 13    God:
Gold:   99         SH:  0    Dex: 10    Spells: 6/7 levels left

rFire    . . .     SeeInvis .     - Unarmed
rCold    . . .     Faith    .   (no shield)
rNeg     . . .     Spirit   .   c - +0 robe
rPois    .         Reflect  .   (helmet restricted)
rElec    .         Harm     .   e - +0 cloak
rCorr    .         Rampage  .   (gloves unavailable)
Will     .....                  (boots unavailable)
Stlth    +.........             (no amulet)
HPRegen  1.19/turn              (no ring)
MPRegen  0.10/turn              (no ring)

@: lethally poisoned (0 -> -4)
A: large, unfitting armour, claws 3, regeneration 1, shaggy fur 1, tough skin 1
a: no special abilities


You were on level 3 of the Dungeon.
You visited 1 branch of the dungeon, and saw 4 of its levels.

You collected 99 gold pieces.

Inventory:

Missiles
 b - 90 stones
Armour
 c - a +0 robe (worn)
 e - a +0 cloak (worn)
Jewellery
 g - a ring of flight
Scrolls
 a - 3 scrolls of fear
 d - 2 scrolls of fog
 i - a scroll of holy word {unknown}
 k - a scroll of magic mapping
Potions
 f - a potion of cancellation {unknown}
 h - a potion of attraction {unknown}
 j - 2 potions of might {unknown}
 l - a potion of haste {unknown}


   Skills:
 + Level 2.7 Fighting
 - Level 1.5 Dodging
 - Level 1.0 Stealth
 * Level 5.0 Unarmed Combat
 - Level 1.2 Spellcasting
 - Level 0.6 Transmutations
 + Level 3.3 Earth Magic


You had 6 spell levels left.
You knew the following spells:

 Your Spells              Type           Power      Damage    Failure   Level
a - Sandblast             Erth           18%        2d7       7%          1

Your spell library contained the following spells:

 Spells                   Type           Power      Damage    Failure   Level
 Passwall                 Tmut/Erth      5%         N/A       19%         2
 Beastly Appendage        Tmut           4%         N/A       22%         1
 Corona                   Hex            0%         N/A       28%         1
 Wereblood                Tmut           2%         N/A       32%         2
 Ensorcelled Hibernation  Hex/Ice        0%         N/A       38%         2
 Stone Arrow              Conj/Erth      10%        3d7       38%         3
 Spider Form              Tmut/Pois      0%         N/A       58%         3
 Confusing Touch          Hex            0%         N/A       63%         3
 Dazzling Flash           Conj/Hex       0%         N/A       63%         3
 Tukima's Dance           Hex            0%         N/A       63%         3
 Petrify                  Tmut/Erth      6%         N/A       77%         4
 Lee's Rapid Deconstruct  Erth           4%         3d6*      88%         5
 Ice Form                 Ice/Tmut       1%         N/A       94%         4
 Hydra Form               Tmut           1%         N/A       99%         5


Dungeon Overview and Level Annotations

Branches:
Dungeon (4/15)
 Temple: D:4-7

Altars:
Dithmenos
Elyvilon
Xom


Innate Abilities, Weirdness & Mutations

You are too large for most types of armour.
You have claws for hands.
Your natural rate of healing is unusually fast.
You are covered in fur. (AC +1)
You have tough skin. (AC +1)


Message History

You are too injured to fight recklessly!
You are too injured to fight recklessly!
You are too injured to fight recklessly!
You are too injured to fight recklessly!
You are too injured to fight recklessly!
You are too injured to fight recklessly!
You are too injured to fight recklessly!
You are too injured to fight recklessly!
You are too injured to fight recklessly!
You are too injured to fight recklessly!
You barely miss the orc priest.
The orc priest is severely wounded.
You feel sick. The orc hits you with a +0 club.
The orc priest hits you with a +0 flail.
The hound bites you but does no damage. The adder bites you.
You are more poisoned.
The adder poisons you!
You barely miss the orc priest.
The orc priest is severely wounded.
You feel sick. The hound bites you but does no damage.
The orc hits you with a +0 club. The adder bites you.
The orc priest hits you with a +0 flail!
You closely miss the orc priest.
The orc priest is severely wounded.
You feel sick. The hound bites you but does no damage. The adder bites you.
* * * LOW HITPOINT WARNING * * *
You are more poisoned.
The adder poisons you! The orc closely misses you.
The orc priest hits you with a +0 flail!
* * * LOW HITPOINT WARNING * * *
The hound bites you but does no damage. The adder bites you.
* * * LOW HITPOINT WARNING * * *
You are lethally poisoned!
The adder poisons you!
You claw the orc priest!
You kill the orc priest!
* * * LOW HITPOINT WARNING * * *
You feel very sick. The hound closely misses you.
The orc hits you with a +0 club.
You die...

###
###############.#
................#
###############.#
#.# ###########
#.# #.........#
#.#
###.#######.###h##
...............)@#
###.####......#So#
....# #......#..#
###.## #......#..#
#..# #......#..#
###..######'#.#..#
......# #.#.#..#
#####.### #.#.#..#
........# #.#.#..#


You could see a hound, an adder and an orc.

Vanquished Creatures
  A sky beast (D:3)
  An ice beast (D:3)
  A centaur skeleton (D:2)
  An orc priest (D:3)
  An orc wizard (D:3)
  7 gnolls
  3 adders
  A dart slug (D:3)
  An orc (D:3)
  10 bats
  10 endoplasms
  3 giant cockroaches
  6 goblins
  4 hobgoblins
  5 kobolds
  A quokka (D:2)
  7 ball pythons
  2 frilled lizards (D:2)
  5 rats
70 creatures vanquished.

Vanquished Creatures (others)
  A plant (D:2)
1 creature vanquished.

Grand Total: 71 creatures vanquished

Notes
Turn   | Place    | Note
-------+----------+-------------------------------------------
     0 | D:1      | freelancePsychic the Troll Earth Elementalist began the
                  | quest for the Orb.
     0 | D:1      | Reached XP level 1. HP: 16/16 MP: 1/1
    97 | D:1      | Found a faded altar of an unknown god.
   182 | D:1      | Reached skill level 1 in Unarmed Combat
   298 | D:1      | Reached XP level 2. HP: 26/26 MP: 2/2
   601 | D:2      | Reached skill level 2 in Unarmed Combat
   665 | D:2      | Reached skill level 1 in Fighting
   666 | D:2      | Reached XP level 3. HP: 33/33 MP: 3/3
   882 | D:2      | Reached XP level 4. HP: 40/41 MP: 4/4
   885 | D:2      | Reached skill level 3 in Unarmed Combat
   909 | D:2      | Found a white marble altar of Elyvilon.
  1338 | D:2      | Reached XP level 5. HP: 49/49 MP: 5/5
  1656 | D:2      | Reached skill level 4 in Unarmed Combat
  2176 | D:3      | Noticed a sky beast
  2186 | D:3      | Killed a sky beast
  2187 | D:3      | Reached XP level 6. HP: 40/59 MP: 6/6
  2457 | D:3      | Found a shimmering altar of Xom.
  2457 | D:3      | Found a shadowy altar of Dithmenos.
  2607 | D:4      | Noticed an ice beast
  2616 | D:3      | Killed an ice beast
  2664 | D:3      | Reached skill level 5 in Unarmed Combat
  2676 | D:3      | HP: 2/59 [poisoned by an adder]
  2676 | D:3      | Slain by an orc

Illustrated notes

Levels and vault maps discovered:
D:1:      giann_bridges, layout_basic, basic_ecumenical_altar,
          wad_floor_pattern_untrapped
D:2:      minmay_chambers_of_ones, layout_loops_corners, basic_altar,
          corexii_shack
D:3:      layout_basic, gammafunk_temple_overflow_wave, kennysheep_donut
D:4:      layout_rooms, kennysheep_mini, chei_slow_surprise,
          hangedman_feature_mirror, st_stairs_9, kennysheep_crisscross

Skill      XL: |  1  2  3  4  5  6 |
---------------+-------------------+-----
Unarmed Combat | 1 2 3 4 5 |  5.0
Fighting       | 1 2 |  2.7
Earth Magic    | 3 |  3.3
Dodging        | |  1.5
Stealth        | |  1.0
Spellcasting   | |  1.2
Transmutations | |  0.6

Action                   |  1- 3 |  4- 6 || total
-------------------------+-------+-------++-------
Melee: Unarmed           |    83 |   123 ||   206
       Punch             |     1 |     1 ||     2
 Cast: Sandblast         |       |     1 ||     1
  Use: Scroll            |       |     4 ||     4
 Stab: Sleeping          |     3 |     1 ||     4
Armor: Robe              |    33 |    53 ||    86
Dodge: Dodged            |    46 |    70 ||   116

Table legend: (Time is in decaauts)
 A = Elapsed time spent in this place.
 B = Non-inter-level travel time spent in this place.
 C = Inter-level travel time spent in this place.
 D = Time resting spent in this place.
 E = Time spent auto-exploring this place.
 F = Levels seen in this place.
 G = Mean time per level.
                   A        B        C        D        E       F      G
               +--------+--------+--------+--------+--------+-----+--------+
         Total |   2670 |   2468 |    202 |      9 |   1995 |   4 |  667.5 |
       Dungeon |   2670 |   2468 |    202 |      9 |   1995 |   4 |  667.5 |
               +--------+--------+--------+--------+--------+-----+--------+

Top non-repeatable levels by time:
     D:2: 1052 daAuts
     D:3: 924 daAuts
     D:1: 682 daAuts
     D:4: 10 daAuts
